 Dungeon Crawl Stone Soup version 0.29.1-15-g9cfb28693d (webtiles) character file.

Game seed: 10097752500403083027

62533 KamiKatze the Severer (level 14, -12/129 HPs)
             Began as a Minotaur Berserker on Mar 16, 2023.
             Was a High Priest of Trog.
             Mangled by a death yak (15 damage)
             ... on level 5 of the Lair of Beasts on Mar 18, 2023.
             The game lasted 01:05:14 (15948 turns).

KamiKatze the Severer (Minotaur Berserker)         Turns: 15948, Time: 01:05:15

Health: -12/129    AC: 22    Str: 27    XL:     14   Next: 64%
Magic:  13/13      EV: 11    Int:  7    God:    Trog [*****.]
Gold:   496        SH:  6    Dex: 10    Spells: 13/13 levels left

rFire   + + .      SeeInvis .   a - +6 broad axe
rCold   + . .      Faith    .   T - +0 buckler {rF+}
rNeg    . . .      Spirit   .   D - +1 plate armour {rF+}
rPois   +          Reflect  .   d - +1 hat {Int+3}
rElec   .          Harm     .   Y - +0 cloak
rCorr   .          Rampage  .   c - +0 pair of gloves
Will    +++..                   N - +0 pair of boots
Stlth   ..........              h - amulet of regeneration
HPRegen 2.11/turn               S - ring of poison resistance
MPRegen 0.13/turn               E - ring of protection from cold

@: strong-willed, regenerating
A: horns 2, retaliatory headbutt
a: Renounce Religion, Berserk, Trog's Hand, Brothers in Arms


You were on level 5 of the Lair of Beasts.
You worshipped Trog.
Trog was extremely pleased with you.
You visited 3 branches of the dungeon, and saw 19 of its levels.
You also visited: Gauntlet.

You collected 1237 gold pieces.
You spent 741 gold pieces at shops.

Inventory:

Hand Weapons
 a - a +6 broad axe (weapon)
 b - the +8 trident of the Octopus King {venom, rElec rPois}
   (You found it on level 2 of the Dungeon)

   It poisons the flesh of those it strikes.
   rElec:     It insulates you from electricity.
   rPois:     It protects you from poison.
 w - a +3 war axe of flaming
 L - a +0 vorpal broad axe
 M - a +2 battleaxe
Missiles
 p - 43 poisoned darts (quivered)
 s - 3 curare-tipped darts
 G - 5 atropa-tipped darts
Armour
 c - a +0 pair of gloves (worn)
 d - a +1 hat of intelligence (worn)
 y - the +2 ring mail "Rocahuv" {rPois rC++ Regen+ Str-2}
   (You found it on level 6 of the Dungeon)

   Str:       It affects your strength (-2).
   rC:        It greatly protects you from cold.
   rPois:     It protects you from poison.
   Regen:     It increases your rate of health regeneration.
 D - a +1 plate armour of fire resistance (worn)
 N - a +0 pair of boots (worn)
 T - a +0 buckler of fire resistance (worn)
 Y - a +0 cloak (worn)
Jewellery
 h - an amulet of regeneration (around neck)
 m - a ring of ice
 n - a +6 ring of strength
 u - a ring of see invisible
 z - a ring of resist corrosion
 C - a +4 ring of slaying
 E - a ring of protection from cold (right hand)
 S - a ring of poison resistance (left hand)
 U - a ring of willpower
 V - a ring of protection from fire
 W - a +6 ring of intelligence
 X - a ring of magical power
Wands
 i - a wand of roots (14)
 k - a wand of flame (27)
 B - a wand of polymorph (7)
 I - a wand of quicksilver (4)
 J - a wand of paralysis (10)
Scrolls
 g - 10 scrolls of teleportation
 j - 3 scrolls of identify
 o - 2 scrolls of blinking
 q - 4 scrolls of magic mapping
 t - 3 scrolls of poison
 x - a scroll of fog
 A - a scroll of immolation
 F - 3 scrolls of fear
 P - 2 scrolls of vulnerability
 R - a scroll of torment
Potions
 e - 4 potions of haste
 f - 6 potions of curing
 l - a potion of might
 r - 6 potions of flight
 v - a potion of magic
 H - 4 potions of lignification
 K - 2 potions of heal wounds
 O - a potion of attraction
 Q - 2 potions of cancellation


   Skills:
 + Level 13.5 Fighting
 - Level 18.0 Axes
 - Level 4.0 Throwing
 + Level 12.6 Armour
 + Level 11.7 Dodging
 + Level 9.9 Shields
 + Level 6.5 Evocations


You had 13 spell levels left.
You didn't know any spells.
Your spell library was empty.

Dungeon Overview and Level Annotations

Branches:
Dungeon (13/15)            Temple (1/1) D:6            Lair (5/5) D:10
  Swamp (0/4) Lair:2       Spider (0/4) Lair:2        Slime (0/5) Lair:4
    Orc (0/2) D:10        Gauntlet (visited)
 Vaults: D:13-14

Altars:
Ashenzari
Cheibriados
Dithmenos
Elyvilon
Fedhas
Gozag
Hepliaklqana
Kikubaaqudgha
Makhleb
Nemelex Xobeh
Okawaru
Qazlal
Ru
Sif Muna
Trog
Uskayaw
Vehumet
Wu Jian
Xom
Yredelemnul
Zin
The Shining One

Shops:
D:6 [?==   D:12 =

Annotations:
D:10 2 transporters, ripuliukko's ghost, journeyman GrEE
D:11 3 runed translucent doors, exclusion: 3 doors, Henri's ghost, journeyman SpAM


Innate Abilities, Weirdness & Mutations

You have a pair of horns on your head.
You reflexively headbutt those who attack you in melee.


Message History

You barely miss the death yak.
Unknown command.
You slash the death yak!
The death yak is almost dead.
You hit the death yak but do no damage. You slash the death yak!
You kill the death yak!
Trog accepts your kill.
You slash the death yak! The death yak barely misses you.
The death yak gores you!
* * * LOW HITPOINT WARNING * * *
The death yak closely misses you.
You slice the death yak!!
You kill the death yak!
Trog accepts your kill.
You slash the death yak! x2
The death yak gores you but does no damage.
The death yak gores you.
* * * LOW HITPOINT WARNING * * *
You hit the elephant but do no damage.
You headbutt the elephant, but do no damage.
You slash the death yak!
You kill the death yak!
Trog accepts your kill.
You hit the death yak.
The elephant tramples you but does no damage.
The elephant closely misses you. The death yak gores you.
* * * LOW HITPOINT WARNING * * *
You slice the elephant!!
You headbutt the elephant, but do no damage.
The elephant is moderately wounded.
You slash the death yak!
Unknown command.
You slash the elephant! You headbutt the elephant.
The elephant is severely wounded.
You hit the death yak but do no damage.
The elephant tramples you but does no damage.
The elephant trunk-slaps you.
* * * LOW HITPOINT WARNING * * *
The death yak gores you!
You die...

,,,,*
###*#..?.........#........
,,***
##.............#...... ,,*
#.†#.Y........####...# ***
#.†##.........#≈≈≈~~~≈
#.†...........####...#
#.....................
##.............P......
##.†YY......#.#.....#
##.@.....†.####..#.#
**#...........####### ***
*.......#.......#
*,**#...#####....#.##
***,,#.#..# #.#.P##.#
*,,^P.....# ##.######
**,,...#..## ###
*,,,##*###* *,,**


You could see a death yak and 2 elephants.

Vanquished Creatures
  Rupert (Lair:3)
  Gastronok (D:8)
  A minotaur (Gauntlet)
  5 hydras
  A boulder beetle (Lair:3)
  A catoblepas (Lair:2)
  15 death yaks
  4 two-headed ogres
  Urug (Lair:3)
  A thrashing horror (Gauntlet)
  Amaemon (D:9)
  An orb spider (Lair:2)
  Pikel (D:7)
  3 ugly things
  An orc sorcerer (D:11)
  A manticore (D:11)
  4 cyclopes
  9 elephants
  4 black mambas
  Joseph (D:9)
  A smoke demon (Gauntlet)
  2 gargoyles
  An orange demon (D:9)
  15 cane toads
  An unseen horror (D:10)
  5 rime drakes
  A kobold demonologist (D:11)
  7 komodo dragons
  2 trolls
  4 polar bears
  11 blink frogs
  A slime creature (Lair:4)
  13 dream sheep
  8 hornets
  A vampire (D:11)
  2 wraiths (D:13)
  35 yaks
  4 wyverns
  2 basilisks (Lair:2)
  2 steam dragons
  6 vampire mosquitoes
  3 swamp worms (Gauntlet)
  An acid dragon (D:9)
  A floating eye (D:11)
  18 water moccasins
  3 black bears
  2 ice beasts
  A sky beast (D:6)
  10 orc warriors
  6 wolves (Lair:4)
  2 ogres
  A lemure (D:7)
  11 centaurs
  13 bullfrogs
  5 kobold brigands
  2 small abominations (Gauntlet)
  A gnoll sergeant (D:7)
  A necrophage (D:7)
  2 scorpions
  9 wights
  13 killer bees
  4 electric eels
  3 howler monkeys
  3 crimson imps (Gauntlet)
  6 hounds
  6 jellies
  A gnoll bouda (D:9)
  15 orc priests
  6 iguanas
  11 orc wizards
  6 hell rats
  7 gnolls
  3 adders
  A shadow imp (D:5)
  4 worms
  3 dart slugs
  46 orcs
  8 bats
  An endoplasm (D:3)
  A giant cockroach (D:4)
  3 goblins
  6 hobgoblins
  2 jackals (D:4)
  20 kobolds
  3 quokkas
  2 ball pythons (D:1)
  2 frilled lizards
  4 rats
463 creatures vanquished.

Vanquished Creatures (others)
  An orc priest (D:6)
  2 orcs (D:6)
  23 fungi
  28 plants
54 creatures vanquished.

Grand Total: 517 creatures vanquished

Notes
Turn   | Place    | Note
-------+----------+-------------------------------------------
     0 | D:1      | KamiKatze the Minotaur Berserker began the quest for the
                  | Orb.
     0 | D:1      | Reached XP level 1. HP: 19/19 MP: 0/0
   129 | D:1      | Reached skill level 4 in Axes
   129 | D:1      | Reached XP level 2. HP: 27/27 MP: 1/1
   434 | D:1      | Found a faded altar of an unknown god.
   434 | D:1      | Noticed a rust devil
   641 | D:1      | Reached XP level 3. HP: 33/33 MP: 2/2
   999 | D:2      | Found a shadowy altar of Dithmenos.
  1355 | D:2      | Found the +8 trident of the Octopus King {venom, rElec
                  | rPois}
  1661 | D:3      | Found a faded altar of an unknown god.
  1665 | D:3      | Found a shimmering altar of Xom.
  1734 | D:3      | Reached ** piety under Trog
  1810 | D:3      | Reached skill level 1 in Throwing
  2360 | D:4      | Reached XP level 4. HP: 40/40 MP: 3/3
  2370 | D:4      | Reached skill level 1 in Evocations
  2565 | D:4      | Reached skill level 5 in Axes
  2572 | D:4      | Reached XP level 5. HP: 47/47 MP: 4/4
  2913 | D:5      | Entered Level 5 of the Dungeon
  2996 | D:5      | Reached XP level 6. HP: 44/53 MP: 5/5
  3053 | D:5      | Reached skill level 6 in Axes
  3097 | D:5      | Reached skill level 5 in Fighting
  3726 | D:6      | Found Wias's Armour Emporium.
  3883 | D:6      | Found a staircase to the Ecumenical Temple.
  3893 | Temple   | Entered the Ecumenical Temple
  4177 | D:6      | Found a hide-covered altar of Uskayaw.
  4184 | D:6      | Reached skill level 7 in Axes
  4239 | D:6      | Identified the +2 ring mail "Rocahuv" {rPois rC++ Regen+
                  | Str-2}
  4266 | D:6      | Found Keirel's Magic Scroll Shoppe.
  4275 | D:6      | Bought a scroll of magic mapping for 112 gold pieces
  4275 | D:6      | Bought a scroll of enchant weapon for 112 gold pieces
  4323 | D:6      | Noticed a steam dragon
  4327 | D:6      | Reached XP level 7. HP: 49/61 MP: 6/6
  4330 | D:6      | Killed a steam dragon
  4330 | D:6      | Reached *** piety under Trog
  4342 | D:6      | Noticed a yak
  4346 | D:6      | Reached skill level 8 in Axes
  4348 | D:6      | Killed a yak
  4349 | D:6      | Reached skill level 9 in Axes
  4352 | D:6      | Reached XP level 8. HP: 70/70 MP: 7/7
  4779 | D:6      | Reached skill level 10 in Axes
  4785 | D:6      | Found Qerot's Jewellery Shop.
  4886 | D:6      | Found Fadausebb's Jewellery Shoppe.
  5197 | D:7      | Reached skill level 1 in Shields
  5229 | D:7      | Found an ancient bone altar of Kikubaaqudgha.
  5260 | D:7      | Found an ornate altar of the Wu Jian Council.
  5547 | D:6      | Bought a scroll of enchant armour for 112 gold pieces
  5547 | D:6      | Bought a scroll of teleportation for 45 gold pieces
  5622 | D:7      | Noticed Pikel
  5649 | D:7      | Killed Pikel
  5650 | D:7      | Reached skill level 11 in Axes
  5650 | D:7      | Reached XP level 9. HP: 56/78 MP: 8/8
  6218 | D:8      | Reached skill level 5 in Armour
  6311 | D:8      | Identified the +2 helmet "Qyacoote" {Harm Int+3}
  6364 | D:8      | Reached skill level 5 in Dodging
  6414 | D:8      | Reached **** piety under Trog
  6418 | D:8      | Reached skill level 12 in Axes
  6495 | D:8      | Noticed Gastronok
  6510 | D:8      | Killed Gastronok
  6511 | D:8      | Reached skill level 5 in Shields
  6511 | D:8      | Reached XP level 10. HP: 66/88 MP: 9/9
  6960 | D:9      | Reached skill level 13 in Axes
  7096 | D:9      | Noticed a two-headed ogre
  7105 | D:9      | Killed a two-headed ogre
  7135 | D:9      | Reached ***** piety under Trog
  7170 | D:9      | Reached XP level 11. HP: 97/97 MP: 10/10
  7309 | D:9      | Received a gift from Trog
  7347 | D:9      | Noticed Joseph
  7357 | D:9      | Killed Joseph
  7483 | D:9      | Noticed Amaemon
  7495 | D:9      | Killed Amaemon
  7530 | D:9      | Reached skill level 14 in Axes
  7794 | D:10     | Entered Level 10 of the Dungeon
  7915 | D:10     | Found a staircase to the Lair.
  8066 | D:10     | Noticed an ice dragon
  8073 | D:10     | Found a transporter.
  8168 | D:10     | Found a staircase to the Orcish Mines.
  8172 | D:10     | You fall into a shaft and drop 3 floors!
  8346 | D:13     | Noticed a white ugly thing
  8361 | D:13     | Killed a white ugly thing
  8362 | D:13     | Reached skill level 10 in Fighting
  8504 | D:12     | Noticed a cyan ugly thing
  8520 | D:12     | Noticed a deep elf pyromancer
  8526 | D:12     | Killed a cyan ugly thing
  8543 | D:12     | Reached skill level 15 in Axes
  8545 | D:12     | Noticed a two-headed ogre
  8599 | D:12     | Noticed a two-headed ogre
  8605 | D:13     | Killed a two-headed ogre
  8639 | D:12     | Killed a two-headed ogre
  8640 | D:12     | Reached XP level 12. HP: 76/107 MP: 11/11
  8692 | D:12     | Found Paddarod's Jewellery Shop.
  8756 | D:11     | Found a runed translucent gate.
  8794 | D:10     | Found a transporter.
  8794 | D:10     | Noticed ripuliukko's ghost (journeyman GrEE)
  9487 | D:11     | Found a runed translucent gate.
  9487 | D:11     | Found a runed translucent gate.
  9819 | D:11     | Paralysed by a floating eye for 3 turns
  9821 | D:11     | Noticed a two-headed ogre
  9833 | D:11     | Killed a two-headed ogre
  9834 | D:11     | Reached skill level 16 in Axes
 10140 | D:11     | Reached skill level 10 in Armour
 10464 | D:11     | Noticed Henri's ghost (journeyman SpAM)
 10861 | D:6      | Bought an amulet of regeneration for 360 gold pieces
 11006 | Lair:1   | Entered Level 1 of the Lair of Beasts
 11308 | Lair:1   | Noticed a death yak
 11311 | Lair:1   | Noticed a death yak
 11311 | Lair:1   | Noticed a death yak
 11311 | Lair:1   | Noticed a death yak
 11328 | Lair:1   | Killed a death yak
 11339 | Lair:1   | Killed a death yak
 11349 | Lair:1   | Killed a death yak
 11349 | Lair:1   | Received a gift from Trog
 11355 | Lair:1   | Killed a death yak
 11534 | Lair:1   | Reached XP level 13. HP: 108/116 MP: 12/12
 12117 | Lair:2   | Reached skill level 17 in Axes
 12206 | Lair:2   | Reached skill level 10 in Dodging
 12578 | Lair:2   | Found a hole to the Spider Nest.
 12698 | Lair:2   | Found a staircase to the Swamp.
 13239 | Lair:3   | Noticed Urug
 13256 | Lair:3   | Killed Urug
 13298 | Lair:3   | Received a gift from Trog
 13461 | Lair:3   | Reached skill level 18 in Axes
 13538 | Lair:3   | Reached skill level 5 in Evocations
 13808 | Lair:3   | Noticed Rupert
 13830 | Lair:3   | HP: 7/178 [Rupert/+2 vorpal battleaxe (5)]
 13832 | Lair:3   | Killed Rupert
 14300 | Lair:4   | Reached XP level 14. HP: 100/127 MP: 13/13
 14718 | Lair:4   | Found a staircase to the Slime Pits.
 15090 | Lair:5   | Entered Level 5 of the Lair of Beasts
 15137 | Lair:4   | Received a gift from Trog
 15180 | Lair:5   | Found a gate leading to a gauntlet.
 15192 | Gauntlet | Entered a Gauntlet
 15192 | Gauntlet | Found a transporter.
 15243 | Gauntlet | Found a transporter.
 15245 | Gauntlet | Found a transporter.
 15249 | Gauntlet | Found a runed translucent door.
 15257 | Gauntlet | Found a runed translucent door.
 15261 | Gauntlet | Found a transporter.
 15263 | Gauntlet | Found a transporter.
 15277 | Gauntlet | Found a transporter.
 15290 | Gauntlet | Found a transporter.
 15305 | Gauntlet | Found a transporter.
 15316 | Gauntlet | Found a runed translucent door.
 15318 | Gauntlet | Found a transporter.
 15320 | Gauntlet | Found a runed translucent door.
 15322 | Gauntlet | Found a transporter.
 15346 | Gauntlet | Found a transporter.
 15346 | Gauntlet | Found a transporter.
 15374 | Gauntlet | Found a transporter.
 15382 | Gauntlet | Found a transporter.
 15532 | Gauntlet | Identified the +6 trident of Gluttony {spect, rPois rN+
                  | Int+8 Dex-3}
 15946 | Lair:5   | HP: 3/129 [death yak (5)]
 15948 | Lair:5   | Mangled by a death yak

Illustrated notes

Levels and vault maps discovered:
D:1:      grunt_arrival_crossed_arrows, layout_basic,
          dreamdust_ecumenical_altar_sealed_demon
D:2:      layout_loops_ring, basic_altar
D:3:      layout_loops_cross, nicolae_overflow_ecumenical_swirl
D:4:      layout_loops_ring
D:5:      layout_basic
D:6:      layout_layer_cave, nicolae_uskayaw_dance_studio,
          minmay_temple_entry_drinking_statues, serial_shops, shop, shop,
          nicolae_lakefront_shop, nicolae_shop_hallway_plus, minmay_between
D:7:      layout_gridville, mainiacjoe_overflow_catch_the_wave,
          serial_bayou_pond_c, uniq_pikel
D:8:      layout_loops_ring, uniq_gastronok
D:9:      layout_roguey [special_room_orc], minmay_misc_feat_ornament,
          amcnicky_mini_corridor_feature, reono_crystal_passage, uniq_amaemon,
          uniq_joseph
D:10:     layout_irregular_city, grunt_lair_entry_orc_guard_hut, orc_0_dummy,
          gammafunk_ghost_berserking_beasts
D:11:     hellmonk_paralyzer, layout_basic, gammafunk_ghost_icy,
          chequers_serial_rivers_micro_d
D:12:     minmay_slanted_spiral_squares, layout_small_grid, serial_shops, shop
D:13:     layout_small_grid, hangedman_vaults_entry_quadrant_bands,
          nicolae_twisting_strands, uniq_erolcha
Temple:   nicolae_temple_two_arcs
Lair:1:   layout_cave_pods, serial_bayou_shore_b
Lair:2:   nzn_winding_woodlands_medium [nzn_winding_woodlands_5x5_cross,
          nzn_winding_woodlands_5x15_sawtooth, nzn_winding_woodlands_hourglass,
          nzn_winding_woodlands_5x5_open_star,
          nzn_winding_woodlands_center_diamonds,
          nzn_winding_woodlands_5x5_checkerboard,
          nzn_winding_woodlands_5x5_perimeter, nzn_winding_woodlands_5x15_pool,
          nzn_winding_woodlands_5x5_closed_star], layout_chaotic_city,
          swamp_mist, nicolae_spider_entry_orb_guardian, disabler_island
Lair:3:   layout_gridlike, amcnicky_mini_pool_medium, uniq_urug, uniq_rupert
Lair:4:   layout_misc_corridors, minmay_slime_entry_pillars, grunt_megastairs_4
Lair:5:   wormcave, layout_cave_shapes, gauntlet_entry_generic,
          chequers_serial_rivers_micro_a

Skill      XL: |  1  2  3  4  5  6  7  8  9 10 11 12 13 14 |
---------------+-------------------------------------------+-----
Axes           | 4 5 7 9 11 12 13 15 16 18 | 18.0
Fighting       | 4 5 6 8 9 10 11 12 13 | 13.5
Throwing       | 1 2 4 |  4.0
Armour         | 3 4 6 7 9 10 11 12 | 12.6
Evocations     | 1 2 3 4 5 6 |  6.5
Dodging        | 3 4 5 6 8 9 10 11 | 11.7
Shields        | 3 5 6 8 9 |  9.9

Action                   |  1- 3 |  4- 6 |  7- 9 | 10-12 | 13-15 || total
-------------------------+-------+-------+-------+-------+-------++-------
Melee: Hand axe          |    61 |       |       |       |       ||    61
       Headbutt          |     8 |     7 |    21 |   113 |   104 ||   253
       Trident           |    22 |    64 |   135 |   108 |       ||   329
       Punch             |       |       |     2 |     3 |     5 ||    10
       Broad axe         |       |       |    11 |   440 |   418 ||   869
       War axe           |       |       |       |       |    29 ||    29
Invok: Berserk           |     1 |       |       |     4 |     2 ||     7
       Trog's Hand       |       |       |     1 |     4 |     4 ||     9
Evoke: Wand              |       |       |       |     5 |     2 ||     7
  Use: Scroll            |       |       |     7 |    11 |     7 ||    25
       Potion            |       |       |       |       |     1 ||     1
 Stab: Distracted        |       |       |       |     1 |       ||     1
       Invisible         |       |       |       |       |     1 ||     1
Armor: Animal skin       |     3 |       |       |       |       ||     3
       Leather armour    |     8 |       |       |       |       ||     8
       Ring mail         |     9 |    12 |    34 |   187 |       ||   242
       Plate armour      |       |       |       |    22 |   219 ||   241
Dodge: Dodged            |    41 |    22 |    62 |   338 |   236 ||   699
Block: Buckler           |       |       |       |       |    15 ||    15
